[Event "Titled Tuesday Blitz August 15 Early 2023"]
[White "Bashirli, Saadat"]
[Black "Kuzhilniy, Oleksandr"]
[WhiteFideId "13429990"]
[BlackFideId "34110500"]
[WhiteElo "2376"]
[BlackElo "2624"]
[Result "0-1"]
[Round "9"]
[TimeControl "180+1"]
[Date "2023.08.15"]
[WhiteClock "0:00:37"]
[BlackClock "0:01:24"]
[Board "61"]

1. d4 Nf6 2. e3 d5 3. Bd3 c6 4. f4 g6 5. Nf3 Bf5 6. c3 Bxd3 7. Qxd3 Ne4 8. Nbd2 Nxd2 9. Bxd2 Nd7 10. O-O Nf6 11. Ne5 e6 12. Qe2 h5 13. Rac1 Bd6 14. b3 Ne4 15. c4 Qe7 16. c5 Bxe5 17. fxe5 h4 18. b4 a6 19. a4 Kf8 20. Rb1 Kg7 21. Be1 Rh5 22. b5 axb5 23. axb5 h3 24. g3 Rf5 25. Rxf5 exf5 26. bxc6 bxc6 27. Qb2 Qg5 28. Bf2 Qg4 29. Qc1 Qf3 30. Qf1 Ra2 31. Rc1 Rxf2 32. Qxh3 Qxe3 33. Rf1 Rxf1+ 34. Kxf1 Qf2# 0-1


[Site "https://www.chess.com"]

[Event "Titled Tuesday Blitz August 15 Early 2023"]
[White "EvgenyBurmakin"]
[Black "Vlassov, Nikolai"]
[BlackFideId "4103360"]
[WhiteElo "2311"]
[BlackElo "2619"]
[Result "0-1"]
[Round "9"]
[TimeControl "180+1"]
[Date "2023.08.15"]
[WhiteClock "0:00:33"]
[BlackClock "0:02:47"]
[Board "62"]

1. e4 Nc6 2. Nf3 d5 3. exd5 Qxd5 4. Nc3 Qa5 5. d4 Bg4 6. h3 Bxf3 7. Qxf3 O-O-O 8. Qxf7 e5 9. d5 Nd4 10. Bd3 Nf6 11. d6 Rd7 12. Qc4 b5 13. b4 bxc4 14. bxa5 cxd3 15. cxd3 Nc2+ 16. Kd2 Nxa1 17. Bb2 Bxd6 18. Rxa1 Bb4 0-1


[Site "https://www.chess.com"]

[Event "Titled Tuesday Blitz August 15 Early 2023"]
[White "Schmakel, Sam"]
[Black "rionelG"]
[WhiteFideId "2039311"]
[WhiteElo "2752"]
[BlackElo "2357"]
[Result "1-0"]
[Round "9"]
[TimeControl "180+1"]
[Date "2023.08.15"]
[WhiteClock "0:00:25"]
[BlackClock "0:00:13"]
[Board "63"]

1. e4 c5 2. Nf3 d6 3. Bb5+ Nd7 4. a4 Nf6 5. Nc3 a6 6. Be2 g6 7. d4 cxd4 8. Qxd4 Bg7 9. O-O O-O 10. a5 Nb8 11. Rd1 Nc6 12. Qa4 Nd7 13. Be3 b5 14. axb6 Nxb6 15. Qxc6 Rb8 16. e5 Bd7 17. Qe4 d5 18. Nxd5 Nxd5 19. Qxd5 Bg4 20. Qxd8 Rfxd8 21. Rxd8+ Rxd8 22. Rxa6 Bxf3 23. Bxf3 Bxe5 24. b3 f5 25. Ra8 Rxa8 26. Bxa8 Bc3 27. Bd5+ Kg7 28. Bc5 e5 29. f3 Kf6 30. Kf2 1-0


[Site "https://www.chess.com"]

[Event "Titled Tuesday Blitz August 15 Early 2023"]
[White "Bersamina, Paulo"]
[Black "Toncheva, Nadya"]
[WhiteFideId "5206995"]
[BlackFideId "2924056"]
[WhiteElo "2736"]
[BlackElo "2562"]
[Result "1/2-1/2"]
[Round "9"]
[TimeControl "180+1"]
[Date "2023.08.15"]
[WhiteClock "0:00:02"]
[BlackClock "0:00:07"]
[Board "64"]

1. e4 c5 2. Nc3 Nc6 3. f4 g6 4. Nf3 Bg7 5. Bb5 Nd4 6. a4 a6 7. Bc4 Nc6 8. O-O e6 9. f5 gxf5 10. d3 Nge7 11. Qe1 O-O 12. Qh4 d5 13. exd5 exd5 14. Ba2 Be6 15. Bg5 Qd7 16. Qh5 Ng6 17. Ne2 Nb4 18. Bb1 d4 19. Bh6 f6 20. c3 Nc6 21. Nf4 Nxf4 22. Bxf4 Ne5 23. c4 Rae8 24. Bc2 Ng6 25. Bd2 Qd6 26. Nh4 Nxh4 27. Qxh4 Bd7 28. Bf4 Qb6 29. b3 Re2 30. Bd1 Re7 31. Rf3 Rfe8 32. Rh3 Re1+ 33. Kf2 Qe6 34. Qxh7+ Kf8 35. Qh4 Rxd1 36. Bd6+ Qxd6 37. Rxd1 Qe5 38. Kg1 Qe2 39. Rf1 Bc6 40. Rg3 Re3 41. Rg6 Rxd3 42. Rxf6+ Bxf6 43. Qxf6+ Ke8 44. Qg6+ Kd7 45. Qxf5+ Kc7 46. Qf4+ Kb6 47. a5+ Ka7 48. Qg5 Rd2 49. Qxc5+ Kb8 50. Rf8+ Be8 51. Qd6+ Ka8 52. Qd8+ Ka7 53. Qb6+ Ka8 54. Qd8+ Ka7 55. Qb6+ Ka8 56. Qd8+ 1/2-1/2


[Site "https://www.chess.com"]

[Event "Titled Tuesday Blitz August 15 Early 2023"]
[White "ChainedDowntohell"]
[Black "Hua, Lefong"]
[BlackFideId "2602253"]
[WhiteElo "2557"]
[BlackElo "2689"]
[Result "0-1"]
[Round "9"]
[TimeControl "180+1"]
[Date "2023.08.15"]
[WhiteClock "0:00:00"]
[BlackClock "0:00:09"]
[Board "65"]

1. d4 Nf6 2. Nf3 g6 3. Bg5 Bg7 4. Nbd2 O-O 5. c3 d6 6. e3 c5 7. Be2 b6 8. a4 a6 9. O-O Bb7 10. h3 Nbd7 11. b4 cxb4 12. cxb4 Rc8 13. Qb3 Qc7 14. Qa3 Qb8 15. Rfc1 Rxc1+ 16. Rxc1 Rc8 17. Bf1 Kf8 18. Qb2 Rxc1 19. Qxc1 Nd5 20. b5 a5 21. Nc4 Qc7 22. Qb2 Nb4 23. Bh4 Nc5 24. Qa3 Ne4 25. Qb2 h6 26. Nfd2 g5 27. Nxe4 Bxe4 28. Bg3 Bd5 29. Nd2 Bf6 30. Be2 Kg7 31. Nb1 e5 32. dxe5 dxe5 33. Qd2 Qc5 34. Nc3 Bb7 35. Bf3 Bxf3 36. gxf3 Qc4 37. Ne4 Qd3 38. Qb2 Qd1+ 39. Kg2 Qd5 40. h4 Nd3 41. Qc3 Kg6 42. Nxf6 Kxf6 43. hxg5+ hxg5 44. e4 Qd4 45. Qc6+ Kg7 46. Qc7 Ne1+ 47. Kf1 Nxf3 48. Qe7 Qxe4 49. Qd7 Qd4 50. Kg2 Qxd7 0-1


[Site "https://www.chess.com"]

[Event "Titled Tuesday Blitz August 15 Early 2023"]
[White "Jaskolka, Tomasz"]
[Black "Maltsevskaya, Aleksandra"]
[WhiteFideId "1170791"]
[BlackFideId "24174041"]
[WhiteElo "2552"]
[BlackElo "2671"]
[Result "1/2-1/2"]
[Round "9"]
[TimeControl "180+1"]
[Date "2023.08.15"]
[WhiteClock "0:00:03"]
[BlackClock "0:00:05"]
[Board "66"]

1. d4 Nf6 2. c4 g6 3. g3 Bg7 4. Bg2 O-O 5. Nc3 d6 6. Nf3 Nbd7 7. O-O e5 8. e4 exd4 9. Nxd4 Nc5 10. Re1 Ng4 11. h3 Ne5 12. Bf1 Ned3 13. Bxd3 Bxd4 14. Bf1 Qf6 15. Be3 Bxe3 16. Rxe3 c6 17. Qd2 a5 18. Rd1 Ne6 19. Qxd6 Rd8 20. e5 Qg5 21. Qa3 Rxd1 22. Nxd1 Nd4 23. Qd3 c5 24. f4 Qd8 25. Nf2 Bf5 26. Qd1 Qb6 27. b3 Rd8 28. Qc1 h5 29. Bd3 Bxd3 30. Nxd3 Nf5 31. Rf3 Nd4 32. Re3 Qc6 33. Qf1 b6 34. e6 Nxe6 35. f5 Ng5 36. Ne5 Qf6 37. fxg6 Qxf1+ 38. Kxf1 fxg6 39. Nxg6 Rd1+ 40. Kf2 Rd2+ 41. Re2 Nxh3+ 42. Ke3 Rxe2+ 43. Kxe2 Kg7 44. Ne7 Ng5 45. Nc8 Ne4 46. Kf3 Nc3 47. a4 Nb1 48. Ke3 Kf6 49. Nxb6 Kg5 50. Nd7 Kg4 51. Nxc5 Kxg3 52. Ne4+ Kg4 53. c5 Kf5 54. c6 Ke6 55. Kd4 h4 56. Kc5 h3 57. Ng5+ Ke7 58. Nxh3 Nd2 59. b4 axb4 60. Kxb4 Kd6 61. Kb5 Ne4 62. Nf4 Nc3+ 63. Kb4 Nxa4 64. Kxa4 Kxc6 1/2-1/2


[Site "https://www.chess.com"]

[Event "Titled Tuesday Blitz August 15 Early 2023"]
[White "Williams, Simon K"]
[Black "Aaditya Dhingra"]
[WhiteFideId "404454"]
[BlackFideId "25678191"]
[WhiteElo "2551"]
[BlackElo "2651"]
[Result "1-0"]
[Round "9"]
[TimeControl "180+1"]
[Date "2023.08.15"]
[WhiteClock "0:00:11"]
[BlackClock "0:00:08"]
[Board "67"]

1. d4 Nf6 2. Nc3 d5 3. Bf4 c5 4. e4 Nxe4 5. Nxe4 dxe4 6. d5 Bf5 7. Ne2 Nd7 8. Nc3 a6 9. a4 h6 10. g4 Bh7 11. Bg2 g5 12. Bg3 Bg7 13. O-O Nf6 14. Be5 O-O 15. Qe2 Nxd5 16. Bxg7 Nf4 17. Qe3 Kxg7 18. Qxc5 Qd7 19. h3 Rac8 20. Qe3 f5 21. Rad1 Qe6 22. gxf5 Bxf5 23. Bxe4 Bxh3 24. Rfe1 Bg4 25. f3 Bh5 26. Qd4+ Rf6 27. Bxb7 Qh3 28. Rxe7+ Kg8 29. Rd2 Qg3+ 30. Kf1 Qh3+ 31. Ke1 Qh1+ 32. Kf2 Nh3+ 33. Ke3 Rxf3+ 34. Ke4 Bg6+ 35. Ke5 Rf5+ 36. Ke6 Qe1+ 37. Re2 Nf4+ 38. Kd7 Nxe2 39. Qg7# 1-0


[Site "https://www.chess.com"]

[Event "Titled Tuesday Blitz August 15 Early 2023"]
[White "Gontcharov, Vladislav"]
[Black "Colas, Joshua"]
[WhiteFideId "4123492"]
[BlackFideId "2044447"]
[WhiteElo "2544"]
[BlackElo "2622"]
[Result "0-1"]
[Round "9"]
[TimeControl "180+1"]
[Date "2023.08.15"]
[WhiteClock "0:00:00"]
[BlackClock "0:00:20"]
[Board "68"]

1. d4 Nf6 2. c4 e6 3. Nf3 b6 4. g3 Bb7 5. Bg2 Bb4+ 6. Nbd2 O-O 7. O-O d5 8. a3 Be7 9. Qc2 Ne4 10. cxd5 exd5 11. b4 Nd7 12. Bb2 Rc8 13. Rfd1 c5 14. dxc5 Nxd2 15. Qxd2 bxc5 16. Bh3 cxb4 17. axb4 Ra8 18. Nd4 Nb6 19. Nf5 Nc4 20. Nxe7+ Qxe7 21. Qd4 Nxb2 22. Qxb2 a6 23. Bg2 Rab8 24. Rd4 Rfd8 25. e3 h6 26. h4 Rd6 27. Qd2 Rb6 28. Ra5 Bc6 29. Rc5 a5 30. bxa5 Qxc5 31. axb6 Rxb6 32. Kh2 Rb5 33. g4 g6 34. Kg3 Kg7 35. g5 Qd6+ 36. f4 hxg5 37. hxg5 Qa3 38. Rd3 Qc5 39. Qc3+ Qxc3 40. Rxc3 Bd7 41. Rd3 Be6 42. Bf3 f6 43. gxf6+ Kxf6 44. Kf2 Rb2+ 45. Kg3 Rb5 46. Rd4 g5 47. fxg5+ Kxg5 48. Be2 Rb3 49. Kf2 Kf5 50. Bd3+ Ke5 51. Ke2 Rb2+ 52. Ke1 Bd7 53. Be2 Rb3 54. Kd2 Bf5 55. Ke1 Rxe3 56. Rh4 Bd3 57. Rh5+ Kd4 58. Rh4+ Kc3 59. Kd1 Bxe2+ 60. Kc1 Bd3 61. Rh1 Rf3 0-1


[Site "https://www.chess.com"]

[Event "Titled Tuesday Blitz August 15 Early 2023"]
[White "Rodchenkov, Sergey D."]
[Black "Belov, Alexei"]
[WhiteFideId "4168712"]
[BlackFideId "4128206"]
[WhiteElo "2516"]
[BlackElo "2615"]
[Result "0-1"]
[Round "9"]
[TimeControl "180+1"]
[Date "2023.08.15"]
[WhiteClock "0:00:00"]
[BlackClock "0:00:42"]
[Board "69"]

1. e4 e6 2. d4 d5 3. Nc3 Nf6 4. e5 Ne4 5. Nxe4 dxe4 6. Bc4 a6 7. a4 b6 8. d5 Bb7 9. dxe6 Qxd1+ 10. Kxd1 fxe6 11. Bf4 Bd5 12. Bf1 Nd7 13. Kc1 Bc5 14. Nh3 O-O 15. c3 Bxf2 16. Kc2 e3 17. Bg3 Be4+ 18. Kb3 Bxg3 19. hxg3 Nxe5 20. Re1 Rxf1 21. Rhxf1 Bxg2 22. Rf4 Bxh3 23. Rxe3 Ng6 24. Rd4 e5 25. Rd2 Kf7 26. Ka3 Bg4 27. b4 a5 28. b5 Ke7 29. c4 Rd8 0-1


[Site "https://www.chess.com"]

[Event "Titled Tuesday Blitz August 15 Early 2023"]
[White "Hristodoulou, Panagiotis"]
[Black "Komov, Roman"]
[WhiteFideId "4214340"]
[BlackFideId "24175714"]
[WhiteElo "2513"]
[BlackElo "2615"]
[Result "0-1"]
[Round "9"]
[TimeControl "180+1"]
[Date "2023.08.15"]
[WhiteClock "0:01:43"]
[BlackClock "0:01:16"]
[Board "70"]

1. e4 c5 2. Nf3 d6 3. d4 cxd4 4. Nxd4 Nf6 5. Nc3 Nc6 6. Bg5 e6 7. Qd3 Bd7 8. O-O-O a6 9. Kb1 Be7 10. f4 b5 11. Nb3 Qc7 12. Bxf6 Bxf6 13. Qxd6 Qxd6 14. Rxd6 Bxc3 15. bxc3 Ke7 16. Rd2 Rhc8 17. c4 Nb4 18. Na5 Rab8 19. cxb5 Bxb5 20. Bxb5 Rxb5 21. Nb3 a5 22. a4 Rbb8 23. Kb2 Rc4 24. Re1 Rbc8 25. Ree2 Nc6 26. Ka3 Rb8 27. Rd3 Rbb4 28. Rde3 Rxa4+ 29. Kb2 Rab4 0-1


[Site "https://www.chess.com"]

[Event "Titled Tuesday Blitz August 15 Early 2023"]
[White "Kovalevsky, Stanislav"]
[Black "Mendez Fortes, Eduardo Jesus"]
[WhiteFideId "13508598"]
[BlackFideId "3502376"]
[WhiteElo "2510"]
[BlackElo "2608"]
[Result "0-1"]
[Round "9"]
[TimeControl "180+1"]
[Date "2023.08.15"]
[WhiteClock "0:00:13"]
[BlackClock "0:01:10"]
[Board "71"]

1. c4 e6 2. Nc3 d5 3. cxd5 exd5 4. d4 Nf6 5. Bg5 c6 6. Nf3 Be7 7. e3 Nbd7 8. Bd3 Nh5 9. Bxe7 Qxe7 10. O-O g6 11. e4 dxe4 12. Nxe4 O-O 13. Re1 Qd8 14. Ne5 Nb6 15. Bc2 Nf4 16. Qf3 Nfd5 17. Rad1 Kg7 18. a4 Nf6 19. Ng5 Nbd5 20. Bb3 h6 21. Ne4 Nxe4 22. Qxe4 Be6 23. Nd3 Qf6 24. Nc5 Bf5 25. Qe5 b6 26. Ne4 Bxe4 27. Rxe4 Rad8 28. Rc1 Nb4 29. Qxf6+ Kxf6 30. Rf4+ Kg7 31. Re1 Nd3 32. Ree4 Nxf4 33. Rxf4 c5 34. dxc5 bxc5 35. f3 Rb8 36. Bc4 Rxb2 37. Re4 Rb4 38. Kf2 Rd8 39. Rf4 f5 40. g4 Rd4 41. Rxd4 cxd4 42. Bd3 fxg4 43. fxg4 Rxa4 44. Kf3 Ra3 45. Ke4 Rxd3 46. Kxd3 Kf6 47. Kxd4 Kg5 48. Ke5 Kxg4 49. h3+ Kxh3 0-1


[Site "https://www.chess.com"]

[Event "Titled Tuesday Blitz August 15 Early 2023"]
[White "Berezin, Viktor"]
[Black "Bodnaruk, Anastasia"]
[WhiteFideId "14107872"]
[BlackFideId "4181751"]
[WhiteElo "2508"]
[BlackElo "2606"]
[Result "0-1"]
[Round "9"]
[TimeControl "180+1"]
[Date "2023.08.15"]
[WhiteClock "0:00:05"]
[BlackClock "0:00:03"]
[Board "72"]

1. d4 Nf6 2. g3 g6 3. Bg2 Bg7 4. Nf3 O-O 5. O-O d5 6. c4 c6 7. cxd5 cxd5 8. Nc3 Nc6 9. Ne5 e6 10. Nxc6 bxc6 11. b3 c5 12. e3 cxd4 13. exd4 Ba6 14. Re1 Rc8 15. Bb2 Ne8 16. Na4 Nd6 17. Rc1 Bb5 18. Nc5 Qa5 19. a4 Bc6 20. Ba3 Rfd8 21. b4 Qb6 22. b5 Be8 23. Bb4 Nc4 24. Qg4 a5 25. Bc3 e5 26. Nb3 h5 27. Qd1 e4 28. Qe2 Bh6 29. Rc2 Na3 30. Bxa5 Rxc2 31. Bxb6 Rxe2 32. Rxe2 Rc8 33. Bc5 Nc4 34. Rc2 f5 35. Bf1 Bf7 36. a5 Be8 37. a6 Bxb5 38. a7 Ra8 39. Ra2 Kf7 40. Na5 Ke6 41. Nb7 Kd7 42. Ra1 f4 43. Rb1 Bc6 44. Bxc4 dxc4 45. Na5 e3 46. Nxc4 e2 47. Ne5+ Kc7 48. Bb6+ Kd6 49. Bc5+ Kc7 50. Bb6+ Kd6 51. Bc5+ Kd5 52. Re1 f3 53. Nxf3 Bb5 54. Ne5 Bd2 55. Rxe2 Bxe2 56. Nxg6 h4 57. Ne7+ Ke6 58. Kg2 Kd7 59. Nd5 Kc6 60. Nb6 Rxa7 61. Nc8 Rg7 62. Ne7+ Kb5 63. Nf5 Rg8 64. Nd6+ Ka4 65. Ne4 Bd3 66. Nf6 Rg6 67. Nd5 Be4+ 68. f3 Bxd5 0-1


[Site "https://www.chess.com"]

[Event "Titled Tuesday Blitz August 15 Early 2023"]
[White "Milosevic, Milos"]
[Black "Marn, Jan"]
[WhiteFideId "964875"]
[BlackFideId "14619245"]
[WhiteElo "2601"]
[BlackElo "2506"]
[Result "1-0"]
[Round "9"]
[TimeControl "180+1"]
[Date "2023.08.15"]
[WhiteClock "0:00:50"]
[BlackClock "0:00:11"]
[Board "73"]

1. e4 e5 2. Nf3 Nc6 3. Bc4 Bc5 4. c3 Nf6 5. d4 exd4 6. cxd4 Bb4+ 7. Bd2 Bxd2+ 8. Nbxd2 d5 9. exd5 Nxd5 10. Qb3 Na5 11. Qa4+ Nc6 12. O-O O-O 13. Rfe1 Nb6 14. Qc2 Nxd4 15. Nxd4 Qxd4 16. Bb3 Bd7 17. Nf3 Qf6 18. Qxc7 Bc6 19. Qe5 Qg6 20. Nh4 Qg4 21. g3 Rfe8 22. Qf5 Qxf5 23. Nxf5 Kf8 24. Nd6 Rxe1+ 25. Rxe1 Nd5 26. Nc4 a5 27. Ne5 Re8 28. Bxd5 1-0


[Site "https://www.chess.com"]

[Event "Titled Tuesday Blitz August 15 Early 2023"]
[White "Zavgorodniy, Sergiy"]
[Black "Vafin, Ayrat"]
[WhiteFideId "14110148"]
[BlackFideId "4146530"]
[WhiteElo "2588"]
[BlackElo "2419"]
[Result "1/2-1/2"]
[Round "9"]
[TimeControl "180+1"]
[Date "2023.08.15"]
[WhiteClock "0:00:53"]
[BlackClock "0:00:09"]
[Board "74"]

1. d4 d5 2. c4 e6 3. Nf3 Nf6 4. e3 Bd6 5. Nbd2 b6 6. Bd3 Bb7 7. O-O O-O 8. Qe2 Ne4 9. b3 Qe7 10. Bb2 Nd7 11. Ne5 Nxd2 12. Qxd2 Bxe5 13. dxe5 dxc4 14. Bxc4 Rfd8 15. Qe2 Nf8 16. Rfd1 Rxd1+ 17. Rxd1 Rd8 18. f3 Rd7 19. e4 Qd8 20. Rxd7 Qxd7 21. Qd3 Qxd3 22. Bxd3 Nd7 23. Kf2 Nc5 24. Bc2 Ba6 25. Ke3 Nd7 26. b4 Kf8 27. f4 Bc4 28. a3 c5 29. Bc3 Ke7 30. g4 Kd8 31. f5 Ke7 32. Kf4 Be2 33. h4 h6 34. g5 hxg5+ 35. hxg5 g6 36. Ba4 cxb4 37. axb4 exf5 38. exf5 gxf5 39. Kxf5 Bd3+ 40. Kf4 Nf8 41. Bd2 Ne6+ 42. Ke3 Bf5 43. Ke2 Nd4+ 44. Kf2 Ke6 45. Bc3 Kd5 46. Be8 Be6 47. Ke3 Nf5+ 48. Kf4 Nd4 49. Bb2 Ne2+ 50. Ke3 Ng3 51. b5 Nf5+ 52. Kf4 Nd4 53. Bxd4 Kxd4 54. g6 fxg6 55. Bxg6 Bd7 56. Bf5 Bxb5 57. e6 a5 58. e7 a4 59. Bg6 a3 60. Bf7 Kc3 61. Ke5 Kb2 62. Kd6 a2 63. Bxa2 Kxa2 64. Kc7 Be8 65. Kxb6 Kb3 66. Kc7 Kc4 67. Kd8 Bb5 68. e8=Q Bxe8 1/2-1/2


[Site "https://www.chess.com"]

[Event "Titled Tuesday Blitz August 15 Early 2023"]
[White "Smiechu"]
[Black "Altman, Joshua"]
[BlackFideId "426210"]
[WhiteElo "2412"]
[BlackElo "2577"]
[Result "0-1"]
[Round "9"]
[TimeControl "180+1"]
[Date "2023.08.15"]
[WhiteClock "0:00:13"]
[BlackClock "0:00:09"]
[Board "75"]

1. e4 e6 2. d4 d5 3. Bd3 Nf6 4. e5 Nfd7 5. f4 c5 6. c3 Nc6 7. Nf3 Qb6 8. Bc2 cxd4 9. cxd4 Nb4 10. O-O Nxc2 11. Qxc2 Be7 12. Nc3 O-O 13. f5 exf5 14. Qxf5 Nb8 15. Qh5 Be6 16. Bg5 Nc6 17. Bxe7 Nxe7 18. Rad1 Qxb2 19. Rd3 Rac8 20. Rb1 Qa3 21. Rb3 Qa5 22. Ng5 Bf5 23. Rf3 h6 24. Nh3 Bg6 25. Qg4 Rc4 26. Rxb7 Rxc3 27. Rxe7 Rc1+ 28. Rf1 Rxf1+ 29. Kxf1 Bd3+ 30. Kf2 Qd2+ 31. Kg3 Be4 32. Nf4 Qe3+ 33. Kh4 g5+ 34. Kh5 Qxf4 35. Qxf4 gxf4 36. Kg4 Bxg2 37. Kxf4 Ra8 38. Kf5 Be4+ 39. Kf6 a5 40. Rxf7 Rf8 41. e6 Rxf7+ 42. exf7+ Kf8 43. h4 h5 44. Kg5 Bc2 45. Kxh5 Kxf7 46. Kg5 Bb1 47. a3 a4 48. Kf4 Ke6 49. h5 Kd6 50. Ke3 Kc6 51. Kd2 Be4 52. Kc3 Kb5 53. h6 Bf5 54. Kd2 Bh7 55. Kc3 Bg6 56. Kd2 Kc4 57. Ke3 Kb3 58. Kd2 Kxa3 59. Kc3 Ka2 60. Kd2 a3 61. Kc1 Kb3 62. Kd2 a2 63. Ke3 a1=Q 64. Kf4 Qxd4+ 65. Kg5 Bh7 0-1


[Site "https://www.chess.com"]

[Event "Titled Tuesday Blitz August 15 Early 2023"]
[White "Lach, Aleksandra"]
[Black "Deng, Henry"]
[WhiteFideId "1134299"]
[BlackFideId "30965454"]
[WhiteElo "2419"]
[BlackElo "2571"]
[Result "1-0"]
[Round "9"]
[TimeControl "180+1"]
[Date "2023.08.15"]
[WhiteClock "0:00:02"]
[BlackClock "0:00:09"]
[Board "76"]

1. c4 c6 2. g3 d5 3. cxd5 cxd5 4. Bg2 Nf6 5. Nf3 Bg4 6. O-O e6 7. d4 Nc6 8. Nc3 Be7 9. Bf4 O-O 10. Ne5 Bf5 11. Nxc6 bxc6 12. Rc1 Nd7 13. Na4 Rc8 14. Be3 Qa5 15. a3 e5 16. b4 Qa6 17. dxe5 Nxe5 18. Bc5 Rfe8 19. Re1 Bf6 20. Bd4 Nd7 21. Bxf6 Nxf6 22. Rc3 Qb5 23. Nc5 a5 24. Qa4 axb4 25. axb4 Rxe2 26. Rxe2 Qxe2 27. Re3 Qc4 28. Bf1 Qc1 29. Qa6 h6 30. g4 Bxg4 31. h3 Bf5 32. Rf3 Qc2 33. Bd3 Qc1+ 34. Kg2 Bxh3+ 35. Rxh3 Re8 36. Rg3 Nh5 37. Qxc6 Qe1 38. Rf3 Qe5 39. Qd7 Qg5+ 40. Kh2 Rf8 41. Qh3 Nf4 42. Qg3 Qh5+ 43. Kg1 g5 44. Rxf4 Kh8 45. Rg4 f5 46. Bxf5 Rxf5 47. Qb8+ Kg7 48. Qc7+ Rf7 49. Ne6+ Kf6 50. Qd8+ Kxe6 51. Rg3 Qd1+ 52. Kg2 Rf4 53. Re3+ Kf5 54. Qd7+ Kg6 55. Qe8+ Kf5 56. Qe6# 1-0


[Site "https://www.chess.com"]

[Event "Titled Tuesday Blitz August 15 Early 2023"]
[White "Devaev, Alexander"]
[Black "Gritsenko, Nikolai"]
[WhiteFideId "4169395"]
[BlackFideId "14112493"]
[WhiteElo "2466"]
[BlackElo "2721"]
[Result "1-0"]
[Round "9"]
[TimeControl "180+1"]
[Date "2023.08.15"]
[WhiteClock "0:00:06"]
[BlackClock "0:00:00"]
[Board "77"]

1. Nf3 c5 2. c4 b6 3. Nc3 Bb7 4. e3 e6 5. Be2 Nf6 6. O-O Be7 7. b3 O-O 8. Bb2 d6 9. d4 cxd4 10. Nxd4 a6 11. Bf3 Qc7 12. Rc1 Nbd7 13. Bxb7 Qxb7 14. Qf3 Rfb8 15. Rfd1 Ne5 16. Qxb7 Rxb7 17. h3 Rc8 18. f4 Ned7 19. Kf2 g6 20. Kf3 Rbc7 21. g4 Nc5 22. g5 Nh5 23. h4 Ng7 24. e4 f6 25. Ke3 Kf7 26. Nf3 h6 27. Ne2 Nh5 28. Rg1 hxg5 29. hxg5 f5 30. e5 Rd7 31. Rgd1 Rcd8 32. Ned4 d5 33. Nc6 Rc8 34. Nxe7 Rxe7 35. cxd5 Rd8 36. d6 Red7 37. Nd4 Ng3 38. b4 Nce4 39. Rc6 Rh8 40. Nf3 Rh3 41. Rc7 Ke8 42. Rdc1 Nh5 43. Rxd7 Kxd7 44. Rc7+ Kd8 45. Ra7 Nhg3 46. Nd4 Nf1+ 47. Ke2 Nfg3+ 48. Kf3 Nh5+ 49. Kg2 Nxf4+ 50. Kg1 Rg3+ 51. Kf1 Nd2+ 52. Ke1 Nf3+ 53. Nxf3 Rxf3 54. Ra8+ Kd7 55. Ra7+ Kd8 56. Bd4 Nd5 57. Rxa6 f4 58. Bxb6+ Kd7 59. Bc5 Rh3 60. Ra7+ Kc6 61. d7 Rh8 62. Ra6+ Kb5 63. Rd6 Rd8 64. Rxe6 Kc4 65. Rd6 f3 66. e6 Rh8 67. Kf2 Rh2+ 68. Kxf3 Rh3+ 69. Kg2 Rd3 70. d8=Q Nf4+ 71. Kf2 Nh3+ 72. Ke1 Re3+ 73. Bxe3 1-0


[Site "https://www.chess.com"]

[Event "Titled Tuesday Blitz August 15 Early 2023"]
[White "Veiga, Jose Francisco R P Neves"]
[Black "brm72"]
[WhiteFideId "1930087"]
[WhiteElo "2666"]
[BlackElo "2464"]
[Result "1-0"]
[Round "9"]
[TimeControl "180+1"]
[Date "2023.08.15"]
[WhiteClock "0:01:07"]
[BlackClock "0:00:03"]
[Board "78"]

1. c4 c5 2. Nc3 Nc6 3. g3 g6 4. Bg2 Bg7 5. e4 Nf6 6. Nge2 O-O 7. O-O d6 8. a3 a5 9. Rb1 Ne8 10. d3 Nc7 11. Be3 Ne6 12. Nd5 Ned4 13. b4 axb4 14. axb4 e6 15. b5 exd5 16. bxc6 bxc6 17. exd5 Bg4 18. Bxd4 Bxd4 19. dxc6 Ra2 20. Re1 Re8 21. Qb3 Raxe2 22. Rxe2 Rxe2 23. Qb8 Qxb8 24. Rxb8+ Kg7 25. h3 Re1+ 26. Kh2 Bf5 27. c7 Bxf2 28. g4 Bd4 29. Bd5 Be5+ 30. Kg2 Bd7 31. Rd8 1-0


[Site "https://www.chess.com"]

[Event "Titled Tuesday Blitz August 15 Early 2023"]
[White "Haug, Havard"]
[Black "dr_tatiana"]
[WhiteFideId "1547887"]
[WhiteElo "2651"]
[BlackElo "2447"]
[Result "1-0"]
[Round "9"]
[TimeControl "180+1"]
[Date "2023.08.15"]
[WhiteClock "0:01:48"]
[BlackClock "0:00:00"]
[Board "79"]

1. e4 e5 2. Nf3 Nc6 3. Bc4 Bc5 4. c3 Nf6 5. d3 d6 6. O-O a6 7. a4 Ba7 8. Re1 h6 9. Nbd2 O-O 10. Nf1 Ne7 11. h3 Ng6 12. Ng3 Be6 13. Bb3 Qd7 14. Bc2 Rfe8 15. d4 exd4 16. cxd4 d5 17. e5 Nh7 18. Be3 Nhf8 19. Nh5 Kh8 20. Qd2 Nh7 21. Bxh6 gxh6 22. Qxh6 Rg8 23. Nf6 Rg7 24. Nxd7 Bxd7 25. e6 Bxe6 26. Rxe6 fxe6 27. Bxg6 Rag8 28. Ng5 Bxd4 29. Bxh7 Rf8 30. Nxe6 1-0


[Site "https://www.chess.com"]

[Event "Titled Tuesday Blitz August 15 Early 2023"]
[White "Gamayev, Oleg"]
[Black "Toktomushev, Teimur"]
[WhiteFideId "2802813"]
[BlackFideId "14176726"]
[WhiteElo "2605"]
[BlackElo "2439"]
[Result "0-1"]
[Round "9"]
[TimeControl "180+1"]
[Date "2023.08.15"]
[WhiteClock "0:02:18"]
[BlackClock "0:01:38"]
[Board "80"]

1. d3 d5 2. e4 dxe4 3. dxe4 Qxd1+ 4. Kxd1 c6 5. Nf3 Bg4 6. Be2 Nd7 7. Nfd2 Bxe2+ 8. Kxe2 O-O-O 9. f3 g6 10. c3 Bh6 11. a4 f5 12. Na3 Ngf6 13. Nac4 Nc5 14. b4 Nd3 15. Nb3 Nxc1+ 16. Nxc1 fxe4 17. Nb3 Nd5 18. fxe4 Nxc3+ 19. Kf3 Rhf8+ 20. Kg3 Nxe4+ 21. Kh4 Bg5+ 22. Kg4 h5+ 23. Kh3 Nf2+ 24. Kg3 Rd3+ 25. Ne3 Rxe3# 0-1


[Site "https://www.chess.com"]

[Event "Titled Tuesday Blitz August 15 Early 2023"]
[White "Budrewicz, Krzysztof"]
[Black "Bueno, Alfeu Junior Varela"]
[WhiteFideId "1127950"]
[BlackFideId "2108879"]
[WhiteElo "2583"]
[BlackElo "2442"]
[Result "0-1"]
[Round "9"]
[TimeControl "180+1"]
[Date "2023.08.15"]
[WhiteClock "0:01:57"]
[BlackClock "0:00:27"]
[Board "81"]

1. d4 e6 2. c4 f5 3. g3 Nf6 4. Bg2 Be7 5. Nh3 O-O 6. O-O d6 7. Nc3 e5 8. Nd5 Nc6 9. Nxe7+ Qxe7 10. d5 Nd8 11. b3 Qe8 12. f4 Qh5 13. e3 Ng4 14. Qf3 Nf7 15. Bb2 Bd7 16. Rae1 Rae8 17. Re2 Re7 18. Rc2 Rfe8 19. fxe5 Nfxe5 20. Qe2 Ng6 21. Bd4 Qh6 22. c5 Nxe3 23. Bxe3 Rxe3 24. Qf2 Ne5 25. Qf4 Qxf4 26. Nxf4 Bb5 27. Rd1 Ng4 28. h3 Re1+ 0-1


[Site "https://www.chess.com"]

[Event "Titled Tuesday Blitz August 15 Early 2023"]
[White "Herman, Daniel"]
[Black "Chor, Kevin"]
[WhiteFideId "30935008"]
[BlackFideId "2090740"]
[WhiteElo "2438"]
[BlackElo "2573"]
[Result "1-0"]
[Round "9"]
[TimeControl "180+1"]
[Date "2023.08.15"]
[WhiteClock "0:00:07"]
[BlackClock "0:00:00"]
[Board "82"]

1. c4 Nf6 2. Nc3 g6 3. e4 d6 4. d4 Bg7 5. Nf3 O-O 6. h3 Na6 7. Be3 e5 8. d5 Nc5 9. Nd2 a5 10. g4 c6 11. Be2 Ne8 12. Rg1 Qh4 13. Qc2 f5 14. gxf5 gxf5 15. O-O-O f4 16. Bxc5 dxc5 17. Bg4 Qxf2 18. Rdf1 Qh4 19. Nf3 Qe7 20. Rg2 Kh8 21. Rfg1 Bh6 22. Na4 Nf6 23. Bxc8 Raxc8 24. Nc3 b5 25. dxc6 bxc4 26. Nd5 Nxd5 27. exd5 e4 28. Qc3+ Rf6 29. Re2 Bg7 30. Ne5 e3 31. Nf3 Rd6 32. Qxc4 1-0


[Site "https://www.chess.com"]